 Dungeon Crawl Stone Soup version 0.28-a0-732-g75e6d9beac (webtiles) character file.

Game seed: 15552383995705279351

261 Lemonice the Ducker (level 5, -4/25 HPs)
             Began as a Felid Abyssal Knight on Oct 29, 2021.
             Was a Believer of Lugonu.
             Killed from afar by an orc wizard (6 damage)
             ... with a magic dart
             ... on level 4 of the Dungeon.
             The game lasted 00:21:10 (5304 turns).

Lemonice the Ducker (Felid Abyssal Knight)          Turns: 5304, Time: 00:21:10

Health: -4/25      AC:  5    Str:  9    XL:     5   Next: 96%
Magic:  8/8        EV: 19    Int: 13    God:    Lugonu [**....]
Gold:   161        SH:  0    Dex: 16    Spells: 2/4 levels left
                                        Lives:  0   Deaths: 1

rFire   . . .      SeeInvis +     - Unarmed
rCold   . . .      Faith    .   (shield unavailable)
rNeg    . . .      Spirit   .   (armour unavailable)
rPois   .          Reflect  .   (helmet unavailable)
rElec   .          Harm     .   (cloak unavailable)
rCorr   .          Rampage  .   (gloves unavailable)
Will    .....                   (boots unavailable)
Stlth   +.........              (no amulet)
HPRegen 0.08/turn               a - +4 ring of protection
MPRegen 0.11/turn               (no ring)

@: confused, lit by a corona, glowing, quick
A: very small, claws 1, fangs 3, see invisible, speed 1, shaggy fur 1, stealthy
paws, no weapons or thrown items, no armour, multi-lived
a: Renounce Religion, Depart the Abyss, Bend Space


You were on level 4 of the Dungeon.
You worshipped Lugonu.
Lugonu was pleased with you.
You visited 1 branch of the dungeon, and saw 4 of its levels.
You visited the Abyss 1 time.

You collected 161 gold pieces.

Inventory:

Jewellery
 a - a +4 ring of protection (left paw)
 i - a ring of fire
Scrolls
 b - 6 scrolls of identify {unknown}
 d - 3 scrolls of teleportation {unknown}
Potions
 c - 3 potions of curing {unknown}
 e - 2 potions of haste {unknown}
 f - a potion of magic {unknown}
 g - a potion of brilliance {unknown}
Miscellaneous
 h - a piece from Xom's chessboard (15/15)


   Skills:
 + Level 4.0 Fighting
 + Level 5.0 Dodging
 - Level 2.2 Stealth
 + Level 3.3 Unarmed Combat
 - Level 0.3 Spellcasting
 * Level 2.4 Summonings
 - Level 0.1 Necromancy
 + Level 2.7 Invocations


You had 2 spell levels left.
You knew the following spells:

 Your Spells              Type           Power      Damage    Failure   Level
a - Animate Skeleton      Necr           0%         N/A       28%         1
b - Summon Small Mammal   Summ           24%        N/A       11%         1

Your spell library contained the following spells:

 Spells                   Type           Power      Damage    Failure   Level
 Call Imp                 Summ           6%         N/A       17%         2
 Apportation              Tloc           0%         N/A       30%         1
 Magic Dart               Conj           0%         1d3       30%         1
 Mephitic Cloud           Conj/Pois/Air  0%         N/A       65%         3


Dungeon Overview and Level Annotations

Branches:
Dungeon (4/15)
 Temple: D:4-7

Altars:
Gozag
Xom


Innate Abilities, Weirdness & Mutations

You have sharp claws.
You have razor-sharp teeth.
You have supernaturally acute eyesight. (SInv)
You cover ground quickly. (Speed+)
You are covered in fur. (AC +1)
Your paws help you pounce on unaware monsters.
You are incapable of wielding weapons or throwing items.
You cannot wear armour.
You gain extra lives every three experience levels.


Message History

The gnoll shaman is lightly wounded.
The gnoll shaman hits you but does no damage.
You scratch the gnoll shaman.
You bite the gnoll shaman, but do no damage.
The gnoll shaman is moderately wounded.
The gnoll shaman hits you with a +0 whip!
You scratch the gnoll shaman. You bite the gnoll shaman.
The gnoll shaman is severely wounded.
The gnoll shaman completely misses you.
You scratch the gnoll shaman.
The gnoll shaman is almost dead.
You closely miss the gnoll shaman.
The gnoll shaman is almost dead.
The gnoll shaman hits you but does no damage.
You scratch the gnoll shaman but do no damage.
The gnoll shaman is almost dead. 2 gnolls come into view.
There is an open door here.
You barely miss the gnoll shaman.
The gnoll shaman is almost dead.
A gnoll comes into view. It is wielding a +0 club.
The gnoll shaman prays to its god.
The gnoll shaman is healed somewhat.
The gnoll shouts!
The gnoll shouts!
The gnoll shaman mumbles some strange prayers to its god.
The gnoll shaman is healed somewhat.
The gnoll shaman calls down the wrath of its god upon you.
You are outlined in light.
An orc wizard comes into view. It is wielding a +0 dagger.
The orc wizard shouts!
The orc wizard casts a spell at you. The magic dart hits you!
* * * LOW HITPOINT WARNING * * *
The orc wizard casts a spell at you.
You are confused.
Found 19 stones.
The orc wizard casts a spell at you. The magic dart hits you.
You die...

## (........# .#
........ .# #......# .#
#......# .# #......#
.##########+#......#
##.(#..............##
....#...........@...#
....#......g....>...#
....#.....g.........+
#####....g..g.......#
.......####'#..o....#
.......#....#.......#
.......g....#.......#
....g..#'#######'#......
.......#....##...#......


You could see a gnoll shaman, an orc wizard and 3 gnolls.

Vanquished Creatures
  A water moccasin (D:4)
  A jelly (D:4)
  A hound (D:4)
  7 adders
  An adder skeleton (D:4)
  3 dart slugs (D:2)
  7 orcs
  A ball python (D:2)
  5 bats
  5 endoplasms
  6 giant cockroaches
  4 goblins
  9 hobgoblins
  4 jackals (D:2)
  7 kobolds
  A frilled lizard (D:2)
  5 rats
  2 butterflies (D:4)
70 creatures vanquished.

Notes
Turn   | Place    | Note
-------+----------+-------------------------------------------
     0 | Abyss:1  | Lemonice the Felid Abyssal Knight began the quest for the
                  | Orb.
     0 | Abyss:1  | Reached XP level 1. HP: 10/10 MP: 3/3
    37 | Abyss:1  | Noticed a tentacled starspawn
    40 | D:1      | Escaped the Abyss
   237 | D:1      | Found a faded altar of an unknown god.
   314 | D:1      | Reached * piety under Lugonu
   324 | D:1      | Reached XP level 2. HP: 12/14 MP: 4/4
   326 | D:1      | Learned a level 1 spell: Animate Skeleton
   910 | D:2      | Reached XP level 3. HP: 17/17 MP: 5/5
   925 | D:2      | Learned a level 1 spell: Summon Small Mammal
  1337 | D:2      | Reached skill level 4 in Dodging
  1413 | D:2      | Reached skill level 1 in Stealth
  1587 | D:2      | Reached XP level 4. HP: 16/21 MP: 6/6
  2290 | D:3      | Reached ** piety under Lugonu
  3182 | D:4      | Reached skill level 1 in Summonings
  3182 | D:4      | Reached XP level 5. HP: 18/25 MP: 4/7
  3268 | D:4      | Noticed a water moccasin
  3285 | D:4      | Succumbed to a water moccasin's poison
  3286 | D:4      | Reached XP level 4. HP: 0/22 MP: 5/6
  3324 | D:4      | Found an opulent altar of Gozag.
  3349 | D:4      | HP: 1/22 [acid (5)]
  4058 | D:4      | Found a shimmering altar of Xom.
  4119 | D:4      | Identified the +1 leather armour "Mirph" {rF+ rCorr}
  4429 | D:4      | Killed a water moccasin
  4430 | D:4      | Reached XP level 5. HP: 21/25 MP: 7/7
  4998 | D:4      | Reached skill level 5 in Dodging
  5304 | D:4      | Killed from afar by an orc wizard

Illustrated notes

Levels and vault maps discovered:
D:1:      ebering_trefoil_3fold, layout_basic,
          ebering_ecumenical_altar_sacrificial
D:2:      layout_basic, minmay_misc_feat_more_columns, minmay_quantized
D:3:      minmay_door_path, layout_loops_ring, kennysheep_cross_bottleneck,
          kennysheep_cross_room
D:4:      layout_gridville, mainiacjoe_overflow_24_doors, xom_butterflies

Skill      XL: |  1  2  3  4  5 |
---------------+----------------+-----
Invocations    | 2 |  2.7
Dodging        | 4 5 |  5.0
Stealth        | 2 |  2.2
Unarmed Combat | 3 |  3.3
Summonings     | 2 |  2.4
Fighting       | 4 |  4.0
Spellcasting   | |  0.3
Necromancy     | |  0.1

Action                   |  1- 3 |  4- 6 || total
-------------------------+-------+-------++-------
Melee: Unarmed           |   115 |   201 ||   316
       Bite              |     9 |    19 ||    28
       Punch             |       |     1 ||     1
 Cast: Animate Skeleton  |     2 |       ||     2
       Summon Small Mamm |     1 |    16 ||    17
Invok: Depart the Abyss  |     1 |       ||     1
 Stab: Sleeping          |     2 |     6 ||     8
Armor: Skin              |    19 |    20 ||    39
Dodge: Dodged            |    91 |   161 ||   252

Table legend: (Time is in decaauts)
 A = Elapsed time spent in this place.
 B = Non-inter-level travel time spent in this place.
 C = Inter-level travel time spent in this place.
 D = Time resting spent in this place.
 E = Time spent auto-exploring this place.
 F = Levels seen in this place.
 G = Mean time per level.
                   A        B        C        D        E       F      G
               +--------+--------+--------+--------+--------+-----+--------+
         Total |   4722 |   4665 |     57 |      6 |   3552 |   5 |  944.4 |
       Dungeon |   4690 |   4633 |     57 |      6 |   3552 |   4 | 1172.5 |
         Abyss |     32 |     32 |      0 |      0 |      0 |   1 |   32.0 |
               +--------+--------+--------+--------+--------+-----+--------+

Top non-repeatable levels by time:
     D:3: 1472 daAuts
     D:4: 1395 daAuts
     D:2: 1235 daAuts
     D:1: 587 daAuts
 Abyss:1: 32 daAuts
